[Event "WSTCC-50 2024"]
[Site "Krakow"]
[Date "2024.07.03"]
[Round "2.7"]
[White "Briestensky, Rastislav"]
[Black "Jackson, Sheila"]
[Result "0-1"]
[ECO "D04"]
[WhiteElo "2274"]
[BlackElo "1988"]
[Annotator "TA"]
[PlyCount "124"]
[EventDate "2024.07.01"]
[EventType "team-tourn"]
[EventCountry "POL"]
[SourceTitle "playchess.com"]
[Source "ChessBase"]
[SourceQuality "1"]
[TimeControl "40/5400+30:1800+30"]

1. d4 d5 2. Nf3 Nf6 3. e3 Bf5 4. c4 e6 5. Nc3 c6 6. a3 h6 7. Bd3 Bxd3 8. Qxd3 Bd6 {[%emt 0:01:24] Die Stellung ist ausgeglichen.} 9. c5 Bc7 10. b4 Nbd7 11. O-O O-O 12. e4 dxe4 13. Nxe4 Nxe4 14. Qxe4 Nf6 15. Qe2 Qd5 16. Re1 a5 17. Bd2 axb4 18. axb4 b5 19. cxb6 Bxb6 20. Bf4 (20. Qe5 $11 {hält das Gleichgewicht.}) 20... Rfd8 21. Be5 Qb5 22. Qxb5 cxb5 23. Bxf6 Rxa1 24. Rxa1 gxf6 $15 {[%emt 0:00:05][%mdl 4096] Endspiel. KRB-KRN} 25. Kf1 Rd5 26. Ra8+ Kg7 27. Rb8 Bc7 28. Rb7 Bd6 29. Ke2 Bxb4 30. Ke3 (30. Kd3 $15) 30... Bc3 $17 31. Kd3 b4 32. Ra7 {[%emt 0:00:07] [#] Der Zug kostet die Partie für Weiß.} (32. Ke3 $17) 32... Bxd4 $1 $19 33. Nxd4 {[%emt 0:00:45] Droht Kc4 und aus. KRN-KR} e5 34. Rb7 Rxd4+ {[%emt 0:00:13] KR-KR} 35. Ke3 f5 36. Rb6 f6 37. Rb7+ Kg6 38. Ke2 f4 39. f3 f5 40. Rb6+ Kg5 41. Rb5 e4 ({Schwächer ist} 41... Kf6 42. Rb6+ Kg5 43. Rb5 $19) 42. fxe4 Rxe4+ 43. Kf2 (43. Kd2 $142 Rd4+ 44. Ke2) 43... Rc4 44. Rb8 Rc2+ 45. Kf3 Rc3+ 46. Kf2 b3 47. Rb6 h5 48. Rb4 Rc2+ 49. Kf3 b2 50. Rb6 Rd2 51. Rb4 Kf6 {[%emt 0:00:00] [#] Zielt auf ...Ke5 ab.} 52. Rb5 Ke6 53. h4 Kd6 {[%emt 0:00:00] Schwarz setzt Matt.} 54. Kxf4 Kc6 55. Rb8 Rxg2 56. Kxf5 Kc5 57. Ke4 Kc4 58. Kf3 Rh2 59. Kg3 Rd2 60. Kf4 Kc3 61. Kg5 Rd5+ 62. Kg6 Rc5 {[%emt 0:00:00] Gewichteter Fehlerwert: Weiß=0.47/Schwarz=0.06 (makellos) .  Fehler:       	Weiß=4     	---        Ungenau:       	Weiß=4     	Schwarz=3     OK:         	Weiß=12    	Schwarz=15    Bester:       	---       	Schwarz=6     Brilliant:      	---       	Schwarz=1} 0-1

[Event "WSTCC-50 2024"]
[Site "Krakow"]
[Date "2024.07.03"]
[Round "2.7"]
[White "Forgo, Eva"]
[Black "Metcalfe, Allister"]
[Result "1-0"]
[ECO "C07"]
[WhiteElo "2060"]
[BlackElo "1889"]
[Annotator "NA RC"]
[PlyCount "73"]
[EventDate "2024.07.01"]
[EventType "team-tourn"]
[EventCountry "POL"]
[SourceTitle "playchess.com"]
[Source "ChessBase"]
[SourceQuality "1"]
[TimeControl "40/5400+30:1800+30"]

1. e4 e6 2. d4 d5 3. Nd2 c5 4. exd5 Qxd5 5. Ngf3 cxd4 6. Bc4 Qd6 7. O-O Nf6 8. Nb3 Be7 9. Nbxd4 a6 10. Re1 O-O 11. c3 Nc6 12. Nxc6 Qxc6 13. Ne5 Qc7 14. Bb3 Rd8 15. Qe2 Bd6 16. h3 b5 17. Bg5 Be7 18. Rad1 h6 19. Bc1 Bd6 20. Ng4 Nxg4 21. Qxg4 Kh7 22. Bc2+ g6 23. Qh4 Rh8 24. Qxh6+ Kg8 25. Qd2 Be7 26. Be4 Ra7 27. Qd3 Qc4 28. Qxc4 bxc4 29. Be3 Rd7 30. Rxd7 Bxd7 31. Rd1 Be8 32. Bf3 f6 33. b3 cxb3 34. axb3 e5 35. Ra1 Bf7 36. c4 Kg7 37. Rxa6 1-0

[Event "WSTCC-50 2024"]
[Site "Krakow"]
[Date "2024.07.03"]
[Round "2.8"]
[White "Tsodikova, Natalia"]
[Black "Davies, Nigel R"]
[Result "1/2-1/2"]
[ECO "B40"]
[WhiteElo "2019"]
[BlackElo "2325"]
[Annotator "TA"]
[PlyCount "71"]
[EventDate "2024.07.01"]
[EventType "team-tourn"]
[EventCountry "POL"]
[SourceTitle "playchess.com"]
[Source "ChessBase"]
[SourceQuality "1"]
[TimeControl "40/5400+30:1800+30"]

1. e4 c5 2. Nf3 e6 3. b3 b6 4. Bb2 Bb7 5. Nc3 Nf6 6. e5 Ne4 7. Nxe4 Bxe4 8. d3 Bxf3 9. Qxf3 Nc6 10. O-O-O g6 11. Qe4 Bg7 12. g3 Rc8 13. f4 f6 14. h4 f5 (14... fxe5 $11 15. h5 O-O (15... d5 16. Qe2 $14)) 15. Qe3 h5 16. Bg2 ({White should play} 16. d4 $16 {Threatens to win with d5.} cxd4 17. Bxd4) 16... Kf7 $11 17. Kb1 d5 18. exd6 Nd4 19. Rhe1 {[%emt 0:04:19] [#] Strongly threatening Bxd4.} (19. c3 $5 Nb5 $8 20. d4 (20. Bb7 Rb8 $11) 20... cxd4 21. cxd4 Qxd6 22. d5 $14) 19... Qxd6 20. c3 Nb5 21. Qd2 Rhd8 22. a4 Nc7 23. c4 (23. d4 $11 {was preferrable.}) 23... Bd4 24. Qe2 {[%emt 0:01:29] [#]} (24. Bxd4 $142 Qxd4 25. Qb2) 24... a6 (24... Qe7 $1 $17 25. Bb7 Rb8) 25. Bxd4 Qxd4 26. Qe5 {[%emt 0:00:49] Wards off Rb8} a5 27. Bb7 (27. Bc6 $1 $11 {keeps the balance.}) 27... Qxe5 $17 28. Rxe5 Rb8 29. Bg2 Na6 30. Kc2 Rd6 31. Kc3 Rbd8 32. Re3 Kf6 33. Rd2 Nb4 34. Rd1 Na2+ 35. Kb2 $1 Nb4 36. Kc3 $1 {[%emt 0:00:06] Weighted Error Value: White=0.13 (very precise) /Black=0.15 (very precise) .  Mistake:       	White=4     	Black=2      Inaccurate:     	---       	Black=1      OK:         	White=4     	Black=17     Best:        	---       	Black=2      Strong:       	White=2     	---} 1/2-1/2

[Event "WSTCC-50 2024"]
[Site "Krakow"]
[Date "2024.07.03"]
[Round "2.8"]
[White "Fink-Nunn, Petra"]
[Black "Kantorik, Marian"]
[Result "1/2-1/2"]
[ECO "C11"]
[WhiteElo "1947"]
[BlackElo "2198"]
[Annotator "RC"]
[PlyCount "53"]
[EventDate "2024.07.01"]
[EventType "team-tourn"]
[EventCountry "POL"]
[SourceTitle "playchess.com"]
[Source "ChessBase"]
[SourceQuality "1"]
[TimeControl "40/5400+30:1800+30"]

1. e4 e6 2. d4 d5 3. Nc3 Nf6 4. e5 Nfd7 5. f4 c5 6. Nf3 Nc6 7. Be3 a6 8. Qd2 b5 9. dxc5 Bxc5 10. O-O-O Qb6 11. Bxc5 Nxc5 12. Nd4 b4 13. Nce2 Ne4 14. Qe3 Bb7 15. Ng3 O-O-O 16. Nxe4 dxe4 17. Nf5 Rxd1+ 18. Kxd1 Rd8+ 19. Kc1 Qxe3+ 20. Nxe3 f6 21. Bc4 fxe5 22. Bxe6+ Kc7 23. fxe5 Nxe5 24. Rd1 Rxd1+ 25. Kxd1 a5 26. Bg8 h5 27. Ke2 1/2-1/2

[Event "WSTCC-50 2024"]
[Site "Krakow"]
[Date "2024.07.03"]
[Round "2.8"]
[White "Schutte, Andre"]
[Black "Csom, Etelka"]
[Result "1/2-1/2"]
[ECO "B01"]
[WhiteElo "1817"]
[BlackElo "1996"]
[Annotator "NA RC"]
[PlyCount "69"]
[EventDate "2024.07.01"]
[EventType "team-tourn"]
[EventCountry "POL"]
[SourceTitle "playchess.com"]
[Source "ChessBase"]
[SourceQuality "1"]
[TimeControl "40/5400+30:1800+30"]

1. e4 d5 2. exd5 Nf6 3. Nc3 Nxd5 4. Nxd5 Qxd5 5. d4 Nc6 6. c3 e5 7. Qe2 Be6 8. dxe5 Nxe5 9. Qb5+ Qxb5 10. Bxb5+ c6 11. Be2 Bc5 12. Nf3 Nxf3+ 13. Bxf3 O-O 14. O-O Rad8 15. b4 Bb6 16. a4 Bc4 17. Re1 Rfe8 18. Bf4 a5 19. Rxe8+ Rxe8 20. b5 cxb5 21. axb5 Bxb5 22. Bxb7 Re2 23. Be3 Bxe3 24. fxe3 Kf8 25. Rxa5 Bd3 26. Bd5 Rxe3 27. c4 Re5 28. Ra8+ Re8 29. Ra7 Re7 30. Ra8+ Re8 31. Rxe8+ Kxe8 32. Kf2 Ke7 33. Ke3 Bf1 34. Kd4 Kd6 35. g3 1/2-1/2

[Event "WSTCC-50 2024"]
[Site "Krakow"]
[Date "2024.07.03"]
[Round "2.9"]
[White "Krause, Ullrich"]
[Black "Olafsson, Helgi"]
[Result "1/2-1/2"]
[ECO "A05"]
[WhiteElo "2171"]
[BlackElo "2466"]
[Annotator "TA"]
[PlyCount "106"]
[EventDate "2024.07.01"]
[EventType "team-tourn"]
[EventCountry "POL"]
[SourceTitle "playchess.com"]
[Source "ChessBase"]
[SourceQuality "1"]
[TimeControl "40/5400+30:1800+30"]

1. Nf3 Nf6 2. c4 b6 3. Nc3 Bb7 4. e3 g6 5. d4 d5 6. cxd5 Nxd5 7. Bb5+ c6 {[%emt 0:01:05] [#] aiming for ...Nxc3.} 8. Bd3 {[%emt 0:00:37] White is slightly better.} Bg7 9. Nxd5 cxd5 10. Bb5+ Bc6 11. Qa4 Qd7 12. Bxc6 Nxc6 13. Bd2 O-O 14. O-O Rac8 15. Rac1 Rc7 16. Kh1 Rfc8 17. Qb5 e5 18. dxe5 Nxe5 19. Qxd7 Nxd7 20. Rxc7 Rxc7 21. Rc1 $1 Rxc1+ 22. Bxc1 $11 {[%emt 0:00:11][%mdl 4096] Endgame. KBN-KBN} Nc5 23. Ne1 {[%emt 0:01:19] Dodges Nd3. The position is equal.} d4 24. exd4 Bxd4 25. Kg1 f5 26. Kf1 Kf7 27. Ke2 Ke6 28. f3 Kd5 29. b3 Be5 30. h3 Ne6 31. Nc2 Nd4+ 32. Nxd4 Bxd4 {[%emt 0:00:05] KB-KB} 33. a4 a6 34. Kd3 b5 35. axb5 axb5 36. g4 fxg4 37. fxg4 Bc5 38. Bb2 Bg1 39. Bc3 Bh2 40. Bd4 Bf4 41. Bf2 Bd6 42. Bd4 Be7 43. Bc3 Bd6 44. Bd4 h5 45. gxh5 gxh5 46. Bc3 Bc5 47. Bb2 Bg1 48. Bc3 Bh2 49. Bd4 Bf4 50. Bc3 Bd6 51. Bd4 Bf4 52. Bc3 $1 Bd6 53. Bd4 Bf4 {[%emt 0:00:00] Weighted Error Value: White=0.03 (flawless) /Black=0.03 (flawless) .  Inaccurate:     	White=1     	---        OK:         	White=25    	Black=11     Best:        	---       	Black=1      Strong:       	White=2     	---} 1/2-1/2

[Event "WSTCC-50 2024"]
[Site "Krakow"]
[Date "2024.07.03"]
[Round "2.9"]
[White "Crocker, Philip J"]
[Black "Buckley, Graeme N"]
[Result "1/2-1/2"]
[ECO "A20"]
[WhiteElo "2122"]
[BlackElo "2334"]
[Annotator "RC"]
[PlyCount "148"]
[EventDate "2024.07.01"]
[EventType "team-tourn"]
[EventCountry "POL"]
[SourceTitle "playchess.com"]
[Source "ChessBase"]
[SourceQuality "1"]
[TimeControl "40/5400+30:1800+30"]

1. c4 e5 2. g3 Nf6 3. Bg2 c6 4. Nf3 e4 5. Nd4 d5 6. cxd5 cxd5 7. O-O Bc5 8. Nb3 Bb6 9. d3 h6 10. Nc3 Bf5 11. dxe4 dxe4 12. Qxd8+ Kxd8 13. Bf4 Nbd7 14. Rfd1 Re8 15. Nb5 Bg4 16. Kf1 g5 17. Be3 Bxe3 18. fxe3 Re5 19. Nd6 Ke7 20. Rac1 Be6 21. Nc8+ Kf8 22. Nd6 Nb6 23. Rd4 Bd5 24. Nc5 Ng4 25. Bxe4 Nxe3+ 26. Kf2 Ng4+ 27. Kg1 Bxe4 28. Rxe4 Rxe4 29. Ncxe4 Nd5 30. b3 Ke7 31. h3 Nge3 32. Nxb7 f5 33. Nc3 Rb8 34. Nxd5+ Nxd5 35. Na5 Rb5 36. Nc6+ Kf6 37. Kf2 a5 38. Nd4 Rb4 39. Rc6+ Kf7 40. Nc2 Rb7 41. Rc5 Ke6 42. Nd4+ Kd6 43. Rc6+ Kd7 44. Rxh6 Rb4 45. Nxf5 Nc3 46. Ra6 Rb5 47. Ne3 Re5 48. Nc4 Rxe2+ 49. Kf3 Rxa2 50. Rxa5 Rh2 51. Rxg5 Rxh3 52. Re5 Rh8 53. g4 Rf8+ 54. Kg3 Rb8 55. Nd2 Kd6 56. Re1 Kd5 57. g5 Rb4 58. Re8 Kd4 59. g6 Rb6 60. Nf3+ Kd5 61. Re5+ Kd6 62. Re3 Nd5 63. Rd3 Ke6 64. Kg4 Ne7 65. Kg5 Rb5+ 66. Kh6 Nf5+ 67. Kg5 Ne7+ 68. Kg4 Rb4+ 69. Kg3 Nxg6 70. Nd4+ Kf6 71. Nf3 Nf4 72. Re3 Nd5 73. Rd3 Nf4 74. Re3 Nd5 1/2-1/2

[Event "WSTCC-50 2024"]
[Site "Krakow"]
[Date "2024.07.03"]
[Round "2.9"]
[White "Kirby, Peter J."]
[Black "Rogowski, Jaroslaw"]
[Result "1/2-1/2"]
[ECO "A05"]
[WhiteElo "1984"]
[BlackElo "2149"]
[Annotator "NA RC"]
[PlyCount "52"]
[EventDate "2024.07.01"]
[EventType "team-tourn"]
[EventCountry "POL"]
[SourceTitle "playchess.com"]
[Source "ChessBase"]
[SourceQuality "1"]
[TimeControl "40/5400+30:1800+30"]

1. Nf3 Nf6 2. c4 c5 3. Nc3 e6 4. g3 Nc6 5. Bg2 Be7 6. O-O O-O 7. d4 cxd4 8. Nxd4 a6 9. Nb3 d6 10. Bf4 e5 11. Bg5 Be6 12. Bxf6 Bxf6 13. Nd5 Rc8 14. Rc1 Bg5 15. e3 Ne7 16. Qd2 Nxd5 17. Bxd5 Qb6 18. Qa5 Qa7 19. Qb4 Bxd5 20. cxd5 Rxc1 21. Rxc1 Bxe3 22. fxe3 Qxe3+ 23. Kg2 Qe2+ 24. Kg1 Qe3+ 25. Kg2 Qe2+ 26. Kg1 Qe3+ 1/2-1/2

[Event "WSTCC-50 2024"]
[Site "Krakow"]
[Date "2024.07.03"]
[Round "2.10"]
[White "Hjartarson, Johann"]
[Black "Lampe, Dirk"]
[Result "1-0"]
[ECO "E91"]
[WhiteElo "2472"]
[BlackElo "2158"]
[Annotator "TA"]
[PlyCount "89"]
[EventDate "2024.07.01"]
[EventType "team-tourn"]
[EventCountry "POL"]
[SourceTitle "playchess.com"]
[Source "ChessBase"]
[SourceQuality "1"]
[TimeControl "40/5400+30:1800+30"]

1. d4 Nf6 2. c4 g6 3. Nc3 Bg7 4. e4 d6 5. Nf3 O-O 6. Be2 Nbd7 7. O-O e5 8. Be3 Qe7 9. d5 c5 (9... a5 $14) 10. Nd2 Kh8 11. a3 Ng8 {[%emt 0:01:43] White is slightly better.} 12. b4 b6 13. Nb3 Bh6 14. Bxh6 Nxh6 15. Qd2 Ng8 16. bxc5 (16. Bd3 $16) 16... Nxc5 $11 17. Nxc5 bxc5 18. Rab1 f5 19. Rb3 Nf6 20. exf5 gxf5 21. f4 Nd7 22. Nb5 Rf6 (22... exf4 $11 {remains equal.} 23. Nc7 (23. Rxf4 Ne5 $11) 23... Rb8 24. Qb2+ Qe5 25. Rxb8 Nxb8) 23. Qb2 {[%emt 0:11:30] [#] aiming for Nc7. White is much more active.} a6 {[%emt 0:14:52] A mistake that costs the game.} (23... Rb8 $16) 24. Nc7 $18 Ra7 25. Ne6 Ra8 26. fxe5 Nxe5 27. Rb8 Qa7 28. Rb1 Rg6 29. Rxa8 Qxa8 30. Bh5 Rg8 31. Bf7 Rg7 (31... Bxe6 32. dxe6 Kg7 33. Bxg8 Qxg8) 32. Nxg7 Kxg7 33. Bh5 Bd7 34. Qc3 Qd8 35. Qg3+ Kh6 36. Be2 Qf6 37. Qf4+ Kg7 38. Rb7 Kf8 39. g3 {[%emt 0:01:01] [#] Hoping for Ra7.} Ke8 $2 (39... a5 {might work better.} 40. Rb8+ Kg7) 40. Ra7 {[%emt 0:00:39] White is clearly winning.} Kd8 41. Rxa6 Kc7 42. Qd2 {[%emt 0:02:26] Qa5+ would kill now.} Kd8 43. Ra8+ Ke7 44. Qe3 Be8 45. a4 {[%emt 0:00:00] Weighted Error Value: White=0.30/Black=0.40.  Mistake:       	White=1     	Black=4      Inaccurate:     	White=2     	Black=5      OK:         	White=16    	Black=8      Best:        	White=3     	Black=2} 1-0

[Event "WSTCC-50 2024"]
[Site "Krakow"]
[Date "2024.07.03"]
[Round "2.10"]
[White "Dishman, Stephen"]
[Black "Burrows, Martin P"]
[Result "1-0"]
[ECO "A14"]
[WhiteElo "2308"]
[BlackElo "2019"]
[Annotator "TA"]
[PlyCount "111"]
[EventDate "2024.07.01"]
[EventType "team-tourn"]
[EventCountry "POL"]
[SourceTitle "playchess.com"]
[Source "ChessBase"]
[SourceQuality "1"]
[TimeControl "40/5400+30:1800+30"]

1. Nf3 Nf6 2. c4 e6 3. g3 d5 4. Bg2 Be7 5. O-O O-O 6. d4 dxc4 7. Qc2 a6 8. a4 Bd7 9. Qxc4 Bc6 10. Bf4 Bd6 11. Nc3 Bxf4 12. gxf4 a5 {[%emt 0:00:15] The position is equal.} 13. e3 Na6 14. Ne5 Bxg2 15. Kxg2 Nb4 16. Rac1 c6 17. h3 Qe7 18. Rfd1 Rfc8 19. Qe2 Nbd5 20. Rc2 Qb4 21. Nd3 $1 Qe7 ({Much weaker is} 21... Nxc3 $6 22. bxc3 Qb3 (22... Qxa4 23. Nc5 $14) 23. Nc5 Qd5+ 24. Kh2 $18 (24. e4 Qd8 $14)) 22. Nc5 Rd8 23. Qf3 g6 24. Ne2 Kh8 25. Ng3 Qc7 26. Rcd2 Rg8 27. Nd3 Nb6 28. b3 Rad8 29. Ne5 Rgf8 30. e4 Nbd7 (30... Ne8 $11 {keeps the balance.}) 31. Qc3 $16 {[%emt 0:02:59][%cal Od4d5] [#] Threatens to win with d5! White has more active pieces.} Nxe5 32. fxe5 ({Better is} 32. dxe5 $16 Rxd2 33. Qxd2 (33. Rxd2 Nd7 $16)) 32... Ne8 $14 33. f4 (33. b4 $14) 33... Qb6 {[%emt 0:01:40] [#]} (33... f5 $11) 34. Nf1 ({White should play} 34. d5 $1 $16) 34... Nc7 (34... f5 $11) 35. Ne3 $36 {[%emt 0:00:16][%mdl 2048] Black is under strong pressure.} Qb4 36. Qxb4 axb4 37. Nc4 Kg8 (37... f5 $142) 38. Nb6 (38. Kf3 $16) 38... Rfe8 ({Black should try} 38... f6 $14) 39. Kf3 Na8 40. Nc4 Re7 41. d5 cxd5 42. exd5 Rxd5 43. Rxd5 exd5 44. Rxd5 $18 {[%emt 0:00:00][%mdl 4096] Endgame. Rd8+ is the strong threat. KRN-KRN} Nc7 45. Rd8+ Kg7 46. Rb8 Ne6 47. Nd6 {[%emt 0:00:00] Hoping for Ne8+.} Nc5 48. Ne8+ Kh6 49. Nf6 {[%emt 0:00:00] Prevents f5. Rh8 would now be deadly.} Rc7 $2 (49... Nd7 $18 50. Nxd7 (50. Rxb7 $2 {perishes.} Nxe5+ 51. Ke4 Rxb7 $19) 50... Rxd7) 50. Rh8 Kg7 51. Rg8+ Kh6 52. Ng4+ Kh5 53. Rg7 {[%emt 0:00:00][%cal Rg7h7] White mates.} g5 54. Rxg5+ Kh4 55. Nf6 Kxh3 56. Rh5# {[%emt 0:00:00] Weighted Error Value: White=0.10 (very precise) /Black=0.29 (precise) .  Mistake:       	White=4     	Black=6      Inaccurate:     	White=1     	Black=1      OK:         	White=17    	Black=8      Best:        	White=3     	Black=5      Strong:       	White=1     	---} 1-0

[Event "WSTCC-50 2024"]
[Site "Krakow"]
[Date "2024.07.03"]
[Round "2.10"]
[White "Ograbek, Grzegorz"]
[Black "Rowe, Peter"]
[Result "1/2-1/2"]
[ECO "C41"]
[WhiteElo "2063"]
[BlackElo "1960"]
[Annotator "NA RC"]
[PlyCount "84"]
[EventDate "2024.07.01"]
[EventType "team-tourn"]
[EventCountry "POL"]
[SourceTitle "playchess.com"]
[Source "ChessBase"]
[SourceQuality "1"]
[TimeControl "40/5400+30:1800+30"]

1. d4 d6 2. e4 e5 3. Nf3 exd4 4. Nxd4 Nf6 5. Nc3 Be7 6. Be2 c6 7. O-O O-O 8. Re1 Re8 9. Bf3 Bf8 10. Bf4 Nbd7 11. Qd2 Ne5 12. Rad1 Qc7 13. Bg3 b6 14. Be2 Ng6 15. f3 Nh5 16. Bf2 Nhf4 17. Bf1 b5 18. a3 a6 19. Kh1 Bd7 20. Nf5 d5 21. Bg3 Rad8 22. Qc1 b4 23. axb4 Bxb4 24. Nd4 Bd6 25. exd5 Nxd5 26. Bxd6 Qxd6 27. Ne4 Qb4 28. c3 Qb6 29. b4 a5 30. bxa5 Qxa5 31. c4 Ndf4 32. g3 Ne6 33. Nd6 Nxd4 34. Rxe8+ Bxe8 35. Nb7 Qc7 36. Nxd8 Qxd8 37. c5 Qf6 38. Qe3 Qxf3+ 39. Qxf3 Nxf3 40. Bg2 Nfe5 41. Kg1 Kf8 42. Be4 Ke7 1/2-1/2

[Event "WSTCC-50 2024"]
[Site "Krakow"]
[Date "2024.07.03"]
[Round "2.11"]
[White "Fraser-Mitchell, Jeremy N"]
[Black "Clark, Gary M"]
[Result "0-1"]
[ECO "A45"]
[WhiteElo "2036"]
[BlackElo "2299"]
[Annotator "TA"]
[PlyCount "38"]
[EventDate "2024.07.01"]
[EventType "team-tourn"]
[EventCountry "POL"]
[SourceTitle "playchess.com"]
[Source "ChessBase"]
[SourceQuality "1"]
[TimeControl "40/5400+30:1800+30"]

1. d4 Nf6 2. Nc3 d5 3. Bf4 g6 4. e3 Bg7 5. h4 h5 6. Nf3 O-O 7. Ne5 c5 8. Qd2 {[%emt 0:00:29] The position is equal.} Nc6 9. f3 Qa5 10. O-O-O Nd7 11. Nxc6 ({Reject} 11. Nxd5 Qxa2 12. c4 Ndxe5 13. dxe5 Nxe5 14. Nxe7+ Kh8 $17) 11... bxc6 12. g4 e5 13. dxe5 Nxe5 ({Black should play} 13... hxg4 $17 14. Qh2 Re8) 14. Bxe5 $4 (14. gxh5 $1 $11 {and White has nothing to worry.} Rb8 (14... Nxf3 15. Qg2 $14) 15. h6) 14... Bxe5 $19 15. gxh5 $2 (15. Nxd5 Qxd2+ (15... Qxa2 $2 16. Ne7+ Kg7 17. c3 $19) 16. Rxd2 cxd5 17. Rxd5) 15... Rb8 {[%emt 0:00:39][%cal Ob8b2] aiming for ...Rxb2! Black is clearly winning.} 16. hxg6 {[%emt 0:08:50] [#]} (16. a3 $142 Rxb2 (16... gxh5 $2 {is the wrong capture.} 17. Rg1+ Bg7 18. Rxg7+ Kxg7 19. Qg2+ $18) 17. Kxb2) 16... Rxb2 $3 17. gxf7+ (17. Nb5 Rxb5) 17... Kxf7 {[%emt 0:00:33] ( -> ...Qb4)} 18. Qd3 {[%emt 0:07:23] White is weak on the dark squares} Qxc3 (18... Bxc3 $142 19. Qh7+ Ke8 20. Qg6+ Kd7) 19. Qxc3 Bxc3 {[%emt 0:00:02] Weighted Error Value: White=1.80/Black=0.39.  Loses game:     	White=1     	---        Mistake:       	White=2     	Black=1      Inaccurate:     	White=3     	---        OK:         	White=4     	Black=5      Best:        	---       	Black=1} 0-1

[Event "WSTCC-50 2024"]
[Site "Krakow"]
[Date "2024.07.03"]
[Round "2.11"]
[White "Staeblein, Christoph"]
[Black "Arnason, Jon L"]
[Result "0-1"]
[ECO "D25"]
[WhiteElo "1991"]
[BlackElo "2421"]
[Annotator "RC"]
[PlyCount "74"]
[EventDate "2024.07.01"]
[EventType "team-tourn"]
[EventCountry "POL"]
[SourceTitle "playchess.com"]
[Source "ChessBase"]
[SourceQuality "1"]
[TimeControl "40/5400+30:1800+30"]

1. d4 d5 2. Nf3 Nf6 3. c4 dxc4 4. e3 a6 5. Bxc4 e6 6. O-O b5 7. Bb3 Bb7 8. Qe2 Nbd7 9. Rd1 c5 10. dxc5 Qc7 11. Nc3 Bxc5 12. a3 O-O 13. h3 Rac8 14. e4 h6 15. Bd2 Rfd8 16. Rac1 Qb8 17. Bc2 Nh5 18. Be3 Nf4 19. Qe1 Bf8 20. Bb1 Nc5 21. Qf1 Ng6 22. Rxd8 Rxd8 23. Rd1 Rc8 24. Qe2 Bd6 25. Qd2 Bf4 26. Qe2 Ba8 27. Qd2 Bxe3 28. Qxe3 b4 29. axb4 Qxb4 30. Rd2 Na4 31. Qd4 Qxd4 32. Rxd4 Nxb2 33. Rb4 Nc4 34. Ne2 a5 35. Rb5 Na3 36. Rb3 Nxb1 37. Rxb1 Bxe4 0-1

[Event "WSTCC-50 2024"]
[Site "Krakow"]
[Date "2024.07.03"]
[Round "2.11"]
[White "Morgan, Jamie"]
[Black "Czyz, Andrzej"]
[Result "0-1"]
[ECO "C23"]
[WhiteElo "1843"]
[BlackElo "1921"]
[Annotator "NA RC"]
[PlyCount "94"]
[EventDate "2024.07.01"]
[EventType "team-tourn"]
[EventCountry "POL"]
[SourceTitle "playchess.com"]
[Source "ChessBase"]
[SourceQuality "1"]
[TimeControl "40/5400+30:1800+30"]

1. e4 e5 2. Bc4 Bc5 3. d3 Nf6 4. Nc3 O-O 5. f4 d6 6. f5 c6 7. a3 d5 8. Ba2 dxe4 9. dxe4 Qxd1+ 10. Kxd1 Bd4 11. Bg5 Bxc3 12. Bxf6 Bxb2 13. Rb1 Bd4 14. Bg5 h6 15. Bh4 Nd7 16. Nf3 Bc5 17. Rb3 Re8 18. Rc3 b6 19. Kc1 Nf6 20. Bxf6 gxf6 21. Rd1 Kf8 22. Ne1 Ba6 23. Nd3 Be7 24. Nb4 Bb5 25. Rh3 a5 26. c4 Ba4 27. Nc2 Rad8 28. Rhd3 Rxd3 29. Rxd3 Bc5 30. Bb3 Bxb3 31. Rxb3 Rd8 32. a4 Bg1 33. Rh3 Kg7 34. Rg3+ Kh7 35. Rb3 Rg8 36. g3 Rg4 37. Kd2 Rxe4 38. Rb1 Bxh2 39. Rxb6 Rxc4 40. Kd3 Rxa4 41. Rxc6 Kg7 42. Kc3 Bxg3 43. Kb3 Rf4 44. Rc3 Bf2 45. Ne3 Bxe3 46. Rxe3 Rxf5 47. Ka4 h5 0-1

[Event "WSTCC-50 2024"]
[Site "Krakow"]
[Date "2024.07.03"]
[Round "2.12"]
[White "Thorhallsson, Throstur"]
[Black "Koop, Thilo"]
[Result "1-0"]
[ECO "B91"]
[WhiteElo "2385"]
[BlackElo "2088"]
[Annotator "TA"]
[PlyCount "65"]
[EventDate "2024.07.01"]
[EventType "team-tourn"]
[EventCountry "POL"]
[SourceTitle "playchess.com"]
[Source "ChessBase"]
[SourceQuality "1"]
[TimeControl "40/5400+30:1800+30"]

1. e4 c5 2. Nf3 d6 3. d4 cxd4 4. Nxd4 Nf6 5. Nc3 a6 6. g3 e5 7. Nde2 Be7 8. Bg2 b5 9. Nd5 Nxd5 10. Qxd5 Ra7 11. Be3 {[%emt 0:01:42] White is slightly better.} Rb7 12. O-O Nd7 13. Qd2 Nf6 14. Bg5 Rc7 15. Rfd1 Bb7 (15... O-O $11) 16. Qd3 O-O 17. a4 bxa4 18. Rxa4 Qc8 19. c4 (19. Nc3 $14 {deserves consideration.}) 19... Nxe4 20. Bxe4 (20. Bxe7 {with more complications.} Nc5 21. Qxd6 Rd7 22. Qxd7 Nxd7 23. Bxb7 Qxb7 24. Rb4) 20... Bxg5 ({Black should try} 20... Bxe4 $11 21. Qxe4 Bxg5) 21. Bxh7+ $14 Kh8 {[%emt 0:00:09] [#] ...g6 is the strong threat.} 22. Bf5 e4 23. Bxe4 $16 {[%emt 0:07:23] White is more active.} (23. Qxd6 Qb8 24. Qb6 e3 25. fxe3 Bc6 26. Qxb8 Rxb8 $15 (26... Bxe3+ 27. Kf1 $16)) 23... Re7 (23... Bxe4 $16 {is a better defense.} 24. Qxe4 Re8) 24. Bxb7 Qxb7 25. Nc3 (25. Qxd6 $6 Rfe8 $16) 25... Rfe8 {Hoping for ...Re1+.} 26. Nd5 (26. Qxd6 $2 {leads to mate.} Re1+ 27. Rxe1 Rxe1#) 26... Re2 27. Rb4 Qa7 28. Qf3 g6 $2 {[%emt 0:02:40][%mdl 8192] This costs Black the game.} (28... Bd2 $16) 29. Rb6 R8e6 (29... R2e6 {might work better.} 30. Rc6 Bd8) 30. h4 {[%emt 0:00:41] White is clearly winning.} Bd8 31. Rb3 {[%emt 0:00:19][%cal Bb6b3,Bb3b8,Bb8d8][%mdl 32] Threatens to win with Nf4.} Qc5 (31... Qd7 $142 32. Nf4 Re1+ 33. Kh2 Rxd1) 32. Rb8 $18 (32. Qxf7 $2 {perishes.} Rf6 33. Rf3 (33. Nxf6 $2 {gets mated.} Qxf2+ 34. Kh1 Qh2#) 33... Rxf7 34. Rxf7 Kg8 $19 (34... Qxc4 $2 35. Rf8+ Kg7 36. Rxd8 $19) (34... Rxb2 $2 35. Re1 $19)) 32... Re8 {[%emt 0:01:27] [#]} 33. Rxd8 $1 {[%emt 0:00:36][%mdl 512] Weighted Error Value: White=0.26 (precise) /Black=0.55.  Loses game:     	---       	Black=1      Mistake:       	White=1     	Black=6      Inaccurate:     	White=2     	Black=1      OK:         	White=6     	Black=6      Best:        	White=2     	---} 1-0